 Dungeon Crawl Stone Soup version 0.32-a0-995-gb4a59205af (webtiles) character file.

Game seed: 16402965013173842122

39058 horus123 the Destroyer (level 13, -13/63 HPs)
             Began as a Deep Elf Earth Elementalist on Apr 23, 2024.
             Was an Elder of Vehumet.
             Engulfed by a cloud of freezing vapour (24 damage)
             ... on level 5 of the Lair of Beasts.
             The game lasted 00:46:19 (15913 turns).

horus123 the Destroyer (DEEE)                      Turns: 15913, Time: 00:46:23

Health: -13/63     AC: 15    Str: 11    XL:     13   Next: 67%
Magic:  19/32      EV: 11    Int: 26    God:    Vehumet [****..]
Gold:   1456       SH:  0    Dex: 15    Spells: 0/38 levels left

rFire   . . .        (no weapon)
rCold   . . .        l - orb {light}
rNeg    . . .        a - +0 robe
rPois   .            o - +2 helmet
rElec   .            E - +2 cloak {rCorr}
rCorr   +            b - +0 pair of gloves
SInv    .            G - +1 pair of boots
Will    +....        U - amulet of regeneration
Stlth   +            s - +6 ring of strength
HPRegen 1.10/turn    A - +4 ring of protection
MPRegen 0.23/turn

%: no passive effects
@: glowing
A: no striking features
a: Renounce Religion


You were on level 5 of the Lair of Beasts.
You worshipped Vehumet.
Vehumet was greatly pleased with you.
You visited 3 branches of the dungeon, and saw 15 of its levels.

You collected 1456 gold pieces.

Inventory:

Hand Weapons
 c - a +0 short sword
 k - a +3 scimitar of protection
 m - a +0 rapier
Missiles
 J - 2 throwing nets
Armour
 a - a +0 robe (worn)
 b - a +0 pair of gloves (worn)
 l - an orb of light (worn)
 o - a +2 helmet (worn)
 E - a +2 cloak of preservation (worn)
 G - a +1 pair of boots (worn)
Magical Staves
 h - a staff of air
Jewellery
 s - a +6 ring of strength (left hand)
 A - a +4 ring of protection (right hand)
 B - a ring of protection from cold
 C - a +6 ring of strength
 D - a ring of ice
 U - an amulet of regeneration (around neck)
 W - an amulet of guardian spirit
Wands
 v - a wand of paralysis (12)
 M - a wand of warping (10)
 N - a wand of digging (7)
 O - a wand of flame (6)
 Q - a wand of acid (6)
Scrolls
 d - 5 scrolls of fog
 i - 2 scrolls of revelation
 p - 6 scrolls of teleportation
 u - 2 scrolls of immolation
 x - a scroll of noise {unknown}
 y - a scroll of butterflies
 z - 3 scrolls of amnesia
 F - 2 scrolls of poison
 P - a scroll of fear {unknown}
 R - 2 scrolls of enchant armour {unknown}
 T - a scroll of enchant weapon
 V - a scroll of vulnerability {unknown}
 X - a scroll of identify
Potions
 e - a potion of cancellation {unknown}
 f - 2 potions of brilliance
 g - a potion of resistance {unknown}
 j - a potion of curing
 n - 2 potions of invisibility
 q - 3 potions of mutation
 r - 2 potions of degeneration
 t - 2 potions of haste
 w - 2 potions of ambrosia
 H - 2 potions of lignification
 I - 2 potions of enlightenment {unknown}
 K - 4 potions of heal wounds
 L - 2 potions of attraction
 S - a potion of berserk rage {unknown}


   Skills:
 - Level 2.4 Dodging
 - Level 2.4 Stealth
 - Level 13.0 Spellcasting
 + Level 14.6 Conjurations
 - Level 7.0 Ice Magic
 - Level 8.0 Air Magic
 - Level 8.0 Earth Magic
 - Level 14.0 Alchemy


You couldn't memorise any spells.
You knew the following spells:

 Your Spells              Type           Power      Damage    Failure   Level
a - Sandblast             Erth           100%       2d20      1%          1
b - Stone Arrow           Conj/Erth      100%       3d13      1%          3
c - Irradiate             Conj/Alch      37%        3d24      1%          5
d - Fulsome Fusillade     Conj/Alch      37%        (3-5)d12  16%         8
e - Freezing Cloud        Conj/Ice/Air   31%        6-21      1%          5
f - Iskenderun's Mystic   Conj/Tloc      53%        2d11      (+2d61%     4
g - Fireball              Conj/Fire      26%        3d12      1%          5
h - Summon Lightning Spi  Summ/Air       37%        N/A       6%          4
i - Hailstorm             Conj/Ice       65%        3d12      1%          3

Your spell library contained the following spells:

 Spells                   Type           Power      Damage    Failure   Level
 Magic Dart               Conj           100%       1d8       0%          1
 Kiss of Death            Conj/Necr      100%       2d13      1%          1
 Cigotuvi's Dreadful Rot  Necr/Alch/Air  100%       N/A       1%          2
 Static Discharge         Conj/Air       100%       3-8/arc   1%          2
 Passwall                 Erth           55%        N/A       1%          3
 Airstrike                Air            27%        2d(4-20)  1%          4
 Brom's Barrelling Bould  Conj/Erth      66%        2d8       1%          4
 Ignite Poison            Fire/Alch      52%        N/A       1%          4
 Petrify                  Alch/Erth      65%        N/A       1%          4
 Alistair's Intoxication  Alch           49%        N/A       1%          5
 Iskenderun's Battlesphe  Conj           75%        2d12      1%          5
 Bombard                  Conj/Erth      33%        9d6       1%          6
 Volatile Blastmotes      Fire/Tloc      32%        2d12      2%          3
 Apportation              Tloc           32%        N/A       3%          1
 Slow                     Hex            64%        N/A       3%          1
 Summon Small Mammal      Summ           64%        N/A       3%          1
 Blink                    Tloc           32%        N/A       4%          2
 Call Imp                 Summ           32%        N/A       4%          2
 Jinxbite                 Hex            32%        N/A       4%          2
 Vhi's Electric Charge    Tloc/Air       74%        N/A       6%          4
 Call Canine Familiar     Summ           16%        N/A       10%         3
 Confusing Touch          Hex            16%        N/A       10%         3
 Tukima's Dance           Hex            16%        N/A       10%         3
 Vampiric Draining        Necr           16%        2d7       10%         3
 Dimensional Bullseye     Hex/Tloc       8%         N/A       32%         4
 Dispel Undead            Necr           16%        3d10      32%         4
 Summon Blazeheart Golem  Fire/Summ      16%        N/A       32%         4
 Spellforged Servitor     Conj/Summ      26%        N/A       32%         7
 Gell's Gavotte           Tloc           8%         2d(15-22) 99%         6


Dungeon Overview and Level Annotations

Branches:
Dungeon (9/15)             Temple (1/1) D:7            Lair (5/5) D:8
  Swamp (0/4) Lair:3        Snake (0/4) Lair:2        Slime (0/5) Lair:4
    Orc: D:9-12

Altars:
Cheibriados
Dithmenos
Elyvilon
Fedhas
Gozag
Hepliaklqana
Kikubaaqudgha
Makhleb
Nemelex Xobeh
Okawaru
Qazlal
Ru
Sif Muna
Trog
Uskayaw
Vehumet
Wu Jian
Xom
Yredelemnul
Zin
The Shining One
Beogh

Shops:
D:4 !   D:8 (

Annotations:
D:5 1 runed translucent door, hattop's ghost, novice DrAl
Lair:4 2 transporters, Palemoclump's ghost, journeyman MiFi


Message History

The rime drake is engulfed in freezing vapours.
The manticore is engulfed in freezing vapours.
The lindwurm is engulfed in freezing vapours.
The lindwurm bites you but does no damage.
The lindwurm claws you but does no damage. x2
Casting: Hailstorm (safe; 1% risk of failure)
Confirm with . or Enter, or press ? or * to list all spells.
You erupt in a blast of force!
The mystic blast hits the manticore!
The manticore is severely wounded.
The manticore is knocked back by the mystic blast.
The mystic blast hits the rime drake!
You kill the rime drake!
Vehumet accepts your kill.
You feel your power returning.
The mystic blast hits the plant!
The plant is lightly damaged.
The mystic blast hits the lindwurm.
The lindwurm is severely wounded.
The mystic blast hits the fungus!
The fungus begins to die.
The fungus is lightly damaged.
You are engulfed in freezing vapours.
* * * LOW HITPOINT WARNING * * *
The lindwurm is engulfed in freezing vapours.
You kill the lindwurm!
Vehumet accepts your kill.
The death yak is engulfed in freezing vapours.
Casting: Iskenderun's Mystic Blast (safe; 1% risk of failure)
Confirm with . or Enter, or press ? or * to list all spells.
Aiming: Fireball (dangerous; 1% risk of failure)
Press: ? - help, Shift-Dir - straight line, f - manticore
Aim: a manticore (freezing vapour, severely wounded, haloed)
The fireball explodes!
The fireball engulfs the manticore!!
You kill the manticore!
Vehumet accepts your kill.
You feel your power returning.
You hear a sizzling sound!
The fireball engulfs the death yak!
The death yak is moderately wounded.
You hear a sizzling sound! x4
You are engulfed in freezing vapours.
You die...

#.....#........ .#.
#P..#.#...#.... # ..
######††.#.......# ... ..#..
#.......###.###... ....## ..Y..
#..†#....P###..†#.
....P####.....Y#.........##......
..#.....#......#####....####.....
........## #§§§........# ####..
.........###.#P.@.....### #.#.
..#........# ###.P.#### ####
..##.......## ######## #####
<........#..###..##..####...####
#......#.#.....................##
#......#####...P......†........P.
##....## #..........##.......P.
#...## #.........###.........
#....# ...........##..........


You could see a dire elephant and a death yak.

Vanquished Creatures
  Harold (Lair:1)
  4 hydras
  2 catoblepae
  8 death yaks
  Amaemon (Lair:1)
  A skyshark (Lair:4)
  2 lindwurms (Lair:5)
  2 manticores (Lair:5)
  An oklob plant (Lair:4)
  A will-o-the-wisp (Lair:3)
  A salamander (Lair:2)
  10 elephants
  3 black mambas
  13 cane toads
  A torpor snail (Lair:3)
  An orange demon (Lair:1)
  6 rime drakes
  3 komodo dragons (Lair:4)
  A troll (D:8)
  2 dream sheep (Lair:5)
  13 blink frogs
  A shadow (D:5)
  8 wyverns
  3 basilisks
  27 yaks
  Menkaure (D:7)
  2 nagas (Lair:2)
  9 water moccasins
  2 orc warriors
  2 ice beasts
  A black bear (D:7)
  31 wolves
  2 centaurs (D:7)
  2 kobold brigands (D:8)
  A cane toad simulacrum (Lair:3)
  7 bullfrogs
  A scorpion (Lair:1)
  An elephant simulacrum (Lair:3)
  3 howler monkeys (D:8)
  6 electric eels
  2 hounds (D:8)
  A jelly (D:7)
  5 orc priests
  Crazy Yiuf (D:6)
  An iguana (D:5)
  A sleepcap (D:5)
  2 orc wizards
  7 gnolls
  12 adders
  3 white imps
  2 ribbon worms
  2 dart slugs
  21 orcs
  8 bats
  9 endoplasms
  13 giant cockroaches
  4 hobgoblins
  7 jackals
  5 quokkas
  10 ball pythons
  A frilled lizard (D:1)
  4 goblins
  13 kobolds
  5 rats
  A butterfly (Lair:3)
327 creatures vanquished.

Vanquished Creatures (collateral kills)
  A boulder beetle (Lair:5)
  A black mamba (Lair:4)
  A yak (Lair:5)
  2 wolves (Lair:4)
5 creatures vanquished.

Vanquished Creatures (others)
  3 boulders
  2 foxfires (Lair:3)
5 creatures vanquished.

Grand Total: 337 creatures vanquished

Notes
Turn   | Place    | Note
-------+----------+-------------------------------------------
     0 | D:1      | horus123 the Deep Elf Earth Elementalist began the quest
                  | for the Orb.
     0 | D:1      | Reached XP level 1. HP: 10/10 MP: 6/6
   612 | D:1      | Reached XP level 2. HP: 15/15 MP: 7/9
  1167 | D:2      | Reached XP level 3. HP: 19/19 MP: 0/11
  1309 | D:2      | Reached skill level 5 in Spellcasting
  1880 | D:2      | Reached XP level 4. HP: 24/24 MP: 11/13
  1990 | D:2      | Found an ancient bone altar of Kikubaaqudgha.
  2250 | D:3      | Reached skill level 5 in Earth Magic
  2371 | D:3      | Reached XP level 5. HP: 28/28 MP: 12/14
  2446 | D:3      | Got the Commentary on Wounds
  2560 | D:3      | Found a faded altar of an unknown god.
  2870 | D:4      | Found Ejips's Distillery.
  2973 | D:4      | Found a shadowy altar of Dithmenos.
  3420 | D:5      | Entered Level 5 of the Dungeon
  3572 | D:5      | Reached XP level 6. HP: 31/32 MP: 10/15
  3688 | D:5      | Noticed an ice beast
  3694 | D:5      | Killed an ice beast
  3862 | D:5      | Found a runed translucent door.
  3862 | D:5      | Noticed hattop's ghost (novice DrAl)
  3904 | D:5      | Noticed a shadow
  3909 | D:5      | Killed a shadow
  3910 | D:5      | Reached XP level 7. HP: 28/36 MP: 11/16
  3914 | D:5      | Learned a level 3 spell: Stone Arrow
  4670 | D:6      | Found a runed translucent door.
  4671 | D:6      | Noticed Crazy Yiuf
  4906 | D:6      | Killed Crazy Yiuf
  5003 | D:7      | Noticed Menkaure
  5008 | D:7      | Killed Menkaure
  5009 | D:7      | Reached skill level 5 in Conjurations
  5110 | D:7      | Found a shimmering altar of Xom.
  5119 | D:7      | Reached XP level 8. HP: 14/41 MP: 7/17
  5224 | D:7      | Found a snail-covered altar of Cheibriados.
  5336 | D:7      | Found a roughly hewn altar of Beogh.
  5338 | D:7      | HP: 1/41 [orc priest/divine providence (13)]
  5924 | D:7      | Learned a level 4 spell: Brom's Barrelling Boulder
  6521 | D:7      | Found a staircase to the Ecumenical Temple.
  6677 | Temple   | Entered the Ecumenical Temple
  6724 | Temple   | Became a worshipper of Vehumet
  6855 | D:8      | Reached skill level 10 in Conjurations
  6864 | D:8      | Reached XP level 9. HP: 39/45 MP: 14/19
  6873 | D:8      | Learned a level 8 spell: Fulsome Fusillade
  6975 | D:8      | Noticed a troll
  6977 | D:8      | Killed a troll
  7005 | D:8      | Reached skill level 1 in Alchemy
  7745 | D:8      | Found a staircase to the Lair.
  7762 | D:8      | Learned a level 5 spell: Freezing Cloud
  7766 | D:8      | Found Eppilaor's Weapon Boutique.
  8035 | D:8      | Identified the +0 ring mail of Qairghi {rCorr Dex-3 Stlth+}
  8097 | Lair:1   | Entered Level 1 of the Lair of Beasts
  8115 | Lair:1   | Noticed Harold
  8124 | Lair:1   | Killed Harold
  8125 | Lair:1   | Reached skill level 5 in Ice Magic
  8126 | Lair:1   | Noticed a catoblepas
  8126 | Lair:1   | Noticed a cane toad
  8218 | Lair:1   | Killed a cane toad
  8219 | Lair:1   | Reached XP level 10. HP: 48/50 MP: 17/24
  8381 | Lair:1   | Killed a catoblepas
  8487 | Lair:1   | Noticed Amaemon
  8489 | Lair:1   | Noticed an orange demon
  8650 | Lair:1   | Killed Amaemon
  8653 | Lair:1   | Killed an orange demon
  8654 | Lair:1   | Reached skill level 5 in Air Magic
  8779 | Lair:1   | Noticed a cane toad
  8786 | Lair:1   | Killed a cane toad
  8894 | Lair:1   | Noticed a cane toad
  8898 | Lair:1   | Killed a cane toad
  9051 | Lair:1   | Noticed a cane toad
  9055 | Lair:1   | Killed a cane toad
  9335 | Lair:1   | Learned a level 4 spell: Iskenderun's Mystic Blast
  9472 | Lair:1   | Reached * piety under Vehumet
  9472 | Lair:1   | Offered knowledge of Foxfire by Vehumet.
  9480 | Lair:1   | Reached skill level 10 in Spellcasting
  9480 | Lair:1   | Reached XP level 11. HP: 44/54 MP: 9/27
 10066 | Lair:2   | Identified the +5 flail of Azxeggif {freeze, *Corrode rF+
                  | Str+4 Dex+3}
 10664 | Lair:2   | Found a staircase to the Snake Pit.
 10727 | Lair:2   | Reached ** piety under Vehumet
 10727 | Lair:2   | Offered knowledge of Static Discharge by Vehumet.
 10816 | Lair:2   | Learned a level 4 spell: Petrify
 10989 | Lair:2   | Reached skill level 5 in Alchemy
 11743 | Lair:3   | Identified the +3 leather armour of the Ditch-Digger {rN+
                  | Str+3}
 11802 | Lair:3   | Found a staircase to the Swamp.
 11809 | Lair:3   | Reached XP level 12. HP: 22/59 MP: 22/31
 11965 | Lair:3   | Noticed a four-headed hydra
 11970 | Lair:3   | Killed a four-headed hydra
 11971 | Lair:3   | Reached skill level 10 in Alchemy
 12134 | Lair:3   | Offered knowledge of Mephitic Cloud by Vehumet.
 12297 | Lair:3   | Learned a level 4 spell: Summon Lightning Spire
 12434 | Lair:3   | Noticed a death yak
 12434 | Lair:3   | Noticed a death yak
 12435 | Lair:3   | Noticed a death yak
 12441 | Lair:3   | Killed a death yak
 12443 | Lair:3   | Killed a death yak
 12445 | Lair:3   | Reached *** piety under Vehumet
 12447 | Lair:3   | Killed a death yak
 12696 | Lair:3   | Noticed a death yak
 12696 | Lair:3   | Noticed a death yak
 12698 | Lair:3   | Noticed a death yak
 12708 | Lair:3   | Killed a death yak
 12805 | Lair:2   | Killed a death yak
 12927 | Lair:3   | Killed a death yak
 13153 | Lair:3   | Noticed a six-headed hydra
 13160 | Lair:3   | Killed a six-headed hydra
 13333 | Lair:3   | Identified the maw talisman of Xoruzup {Str+2}
 13925 | Lair:4   | Offered knowledge of Hailstorm by Vehumet.
 14251 | Lair:4   | Learned a level 3 spell: Hailstorm
 14386 | Lair:4   | Reached XP level 13. HP: 63/63 MP: 29/32
 14403 | Lair:4   | Found a staircase to the Slime Pits.
 14439 | Lair:4   | Found a transporter.
 14443 | Lair:4   | Noticed Palemoclump's ghost (journeyman MiFi)
 14448 | Lair:4   | Found a transporter.
 14452 | Lair:4   | Found a bloodstained altar of Trog.
 14618 | Lair:4   | Reached **** piety under Vehumet
 15310 | Lair:5   | Entered Level 5 of the Lair of Beasts
 15314 | Lair:5   | Offered knowledge of Fireball by Vehumet.
 15360 | Lair:5   | Learned a level 5 spell: Irradiate
 15366 | Lair:5   | Learned a level 5 spell: Fireball
 15909 | Lair:5   | Noticed a dire elephant
 15913 | Lair:5   | Engulfed by a cloud of freezing vapour

Illustrated notes

Levels and vault maps discovered:
D:1:      shiori_arrival_maze, layout_basic
D:2:      minmay_roachtagon, layout_basic, basic_altar, minivault_24
D:3:      layout_rooms, dreamdust_ecumenical_altar_angels_and_demons,
          minmay_misc_feat_roman, nicolae_half_adder
D:4:      minmay_diamond_boxcup, layout_cave_pools,
          mainiacjoe_overflow_surrounded_room, serial_shops,
          nicolae_shop_rolling_square
D:5:      layout_gridville, hellmonk_ghost_happy_afterlife,
          minmay_misc_feat_nine_boxes, minmay_misc_feat_four_crosses
D:6:      layout_basic, uniq_crazy_yiuf_cottage
D:7:      layout_loops_corners, jmf_multi_god_temple, temple_hall,
          serial_bayou_lagoon_a, david_defended_altar_orc, uniq_menkaure
D:8:      layout_rooms, erik_lair_island, serial_shops, shop
D:9:      layout_roguey, kennysheep_mini, serial_demonic, serial_demonic_e,
          serial_demonic_a, serial_demonic_g, serial_demonic_a,
          gammafunk_ghost_berserking_beasts, uniq_gastronok
Temple:   nicolae_temple_bog_church
Lair:1:   layout_loops_ring, eino_small_chamber_without_monster,
          serial_bayou_shore_b, uniq_amaemon, uniq_harold
Lair:2:   layout_layer_cave, alex1729_snake_entry_snake,
          infiniplex_staircase_pool_2
Lair:3:   layout_cave_pods, minmay_swamp_entry_wisps,
          portal_ice_cave_entry_ice_simulacra, lemuel_fruit_fields,
          grunt_megastairs_5, infiniplex_staircase_pool
Lair:4:   layout_layer_cave, minmay_slime_entry_oklob_open,
          gammafunk_ghost_wrathful_warriors, serial_bayou_shore_a,
          serial_bayou_shore_b
Lair:5:   hangedman_lair_in_review, layout_layer_cave, wormcave,
          kennysheep_abandoned_house

Skill      XL: |  1  2  3  4  5  6  7  8  9 10 11 12 13 |
---------------+----------------------------------------+-----
Spellcasting   | 4 5 8 10 13 | 13.0
Earth Magic    | 4 5 6 8 |  8.0
Conjurations   | 2 6 10 14 | 14.6
Alchemy        | 4 9 14 | 14.0
Ice Magic      | 6 7 |  7.0
Air Magic      | 8 |  8.0
Dodging        | |  2.4
Stealth        | |  2.4

Action                     |  1- 3 |  4- 6 |  7- 9 | 10-12 | 13-15 || total
---------------------------+-------+-------+-------+-------+-------++-------
  Melee: Short sword       |    20 |       |       |       |       ||    20
         Scimitar          |       |     5 |       |     9 |     1 ||    15
   Cast: Sandblast         |    57 |    83 |   114 |   140 |    58 ||   452
         Stone Arrow       |       |       |    10 |    47 |    12 ||    69
         Brom's Barrelling |       |       |     1 |     2 |       ||     3
         Iskenderun's Myst |       |       |       |    39 |     9 ||    48
         Freezing Cloud    |       |       |       |    32 |    14 ||    46
         Summon Lightning  |       |       |       |     4 |     2 ||     6
         Petrify           |       |       |       |     1 |       ||     1
         Fireball          |       |       |       |       |     4 ||     4
         Irradiate         |       |       |       |       |     3 ||     3
         Hailstorm         |       |       |       |       |     3 ||     3
    Use: Scroll            |       |    11 |     1 |    14 |     3 ||    29
         Potion            |       |       |       |     5 |     1 ||     6
   Stab: Petrified         |       |       |       |     6 |       ||     6
 Armour: Robe              |    24 |    25 |    70 |   136 |    46 ||   301
  Dodge: Dodged            |    16 |    16 |    45 |    81 |    29 ||   187

Table legend: (Time is in decaauts)
 A = Elapsed time spent in this place.
 B = Non-inter-level travel time spent in this place.
 C = Inter-level travel time spent in this place.
 D = Time resting spent in this place.
 E = Time spent auto-exploring this place.
 F = Levels seen in this place.
 G = Mean time per level.
                   A        B        C        D        E       F      G
               +--------+--------+--------+--------+--------+-----+--------+
         Total |  16185 |  15830 |    355 |   2884 |  10909 |  15 | 1079.0 |
       Dungeon |   8515 |   8271 |    244 |   1511 |   5777 |   9 |  946.1 |
        Temple |     74 |     31 |     43 |      0 |      0 |   1 |   74.0 |
          Lair |   7596 |   7529 |     67 |   1372 |   5132 |   5 | 1519.2 |
               +--------+--------+--------+--------+--------+-----+--------+

Top non-repeatable levels by time:
  Lair:3: 2247 daAuts
     D:7: 2145 daAuts
  Lair:2: 1931 daAuts
  Lair:4: 1482 daAuts
  Lair:1: 1315 daAuts
     D:8: 1077 daAuts
     D:1: 1065 daAuts
     D:2: 1049 daAuts
     D:5: 901 daAuts
     D:6: 858 daAuts
     D:3: 743 daAuts
     D:4: 673 daAuts
  Lair:5: 618 daAuts
  Temple: 74 daAuts
     D:9: 1 daAuts
